 Dungeon Crawl Stone Soup version 0.28-a0-1213-g0243856f03 (webtiles) character file.

Game seed: 9896887141398738113

46 oldriver the Magician (level 3, -4/27 HPs)
             Began as a Djinni Air Elementalist on Dec 21, 2021.
             Was an Initiate of Yredelemnul.
             Slain by a necrophage (6 damage)
             ... on level 4 of the Dungeon.
             The game lasted 00:02:18 (1934 turns).

oldriver the Magician (Djinni Air Elementalist)     Turns: 1934, Time: 00:02:19

Health: -4/27      AC:  2    Str:  7    XL:     3   Next: 92%
Gold:   75         EV: 12    Int: 18    God:    Yredelemnul [......] SH:  0 Dex: 13

rFire   + + .      SeeInvis .   (no weapon)
rCold   x . .      Faith    .   (no shield)
rNeg    . . .      Spirit   .   a - +0 robe
rPois   ∞          Reflect  .   (no helmet)
rElec   .          Harm     .   (no cloak)
rCorr   .          Rampage  .   (no gloves)
Will    .....                   (boots unavailable)
Stlth   ++........              (no amulet)
HPRegen 0.09/turn               (no ring)
MPRegen 0.00/turn               (no ring)

@: mighty, flying
A: sickness immunity, fire resistance 2, cold vulnerability 1, float, innate
caster, hp casting, extra vitality 1
a: Renounce Religion, Recall Undead Harvest


You were on level 4 of the Dungeon.
You worshipped Yredelemnul.
Yredelemnul was noncommittal.
You visited 2 branches of the dungeon, and saw 4 of its levels.

You collected 75 gold pieces.

Inventory:

Armour
 a - a +0 robe (worn)
 f - a +0 kite shield
Scrolls
 c - a scroll of fear


   Skills:
 * Level 1.1 Fighting
 + Level 2.2 Dodging
 + Level 1.6 Stealth
 + Level 3.3 Spellcasting


You couldn't memorise any spells.
You knew the following spells:

 Your Spells              Type           Power      Damage    Failure   Level
a - Shock                 Conj/Air       60%        1d6       4%          1
b - Static Discharge      Conj/Air       15%        N/A       6%          2
c - Swiftness             Air            15%        N/A       12%         3
d - Airstrike             Air            7%         N/A       36%         4
e - Animate Skeleton      Necr           30%        N/A       4%          1
Your spell library was empty.

Dungeon Overview and Level Annotations

Branches:
Dungeon (4/15)             Temple (1/1) D:4

Altars:
Elyvilon
Nemelex Xobeh
Okawaru
Qazlal
Sif Muna
Trog
Vehumet
Wu Jian
Yredelemnul
The Shining One


Innate Abilities, Weirdness & Mutations

You are immune to sickness and miasma.
You are immune to poison.
Your flesh is very heat resistant. (rF++)
You are vulnerable to cold. (rC-)
You float through the air rather than walking.
You learn spells naturally, not from books.
Your magical power is your life essence.
You have superior vitality. (+4 MHP)


Message History

Casting: Static Discharge (safe; 6% risk of failure)
Confirm with . or Enter, or press ? or * to list all spells.
The necrophage is struck by an arc of lightning!
The necrophage is severely damaged.
You are struck by an arc of lightning.
The lightning grounds out.
The necrophage hits you!
* * * LOW HITPOINT WARNING * * *
Casting: Static Discharge (safe; 6% risk of failure)
Confirm with . or Enter, or press ? or * to list all spells.
You don't have enough health to cast this spell.
You aren't carrying any potions.
As you read the scroll labelled KOKUFYP CIRPHYCS, it crumbles to dust.
You hear a loud clanging noise!
It was a scroll of noise.
You hear a bark!
You hear an angry hiss.
The necrophage barely misses you.
As you read the scroll labelled UVVAOT HUWN, it crumbles to dust.
It is a scroll of identify.
c - a scroll of fear The necrophage completely misses you.
You can't see any enemies this would affect, really read the scroll of fear?
Okay, then.
Unknown command.
Casting: Static Discharge (safe; 6% risk of failure)
Confirm with . or Enter, or press ? or * to list all spells.
Okay, then.
Casting: Static Discharge (safe; 6% risk of failure)
Confirm with . or Enter, or press ? or * to list all spells.
Aiming: Shock (safe; 4% risk of failure)
Press: ? - help, Shift-Dir - straight line, f/p - necrophage
Aim: a necrophage (severely damaged, 71% to hit)
The zap hits the necrophage.
The necrophage is severely damaged.
* * * LOW HITPOINT WARNING * * *
The necrophage barely misses you.
A hound comes into view.
The necrophage barely misses you. The necrophage hits you.
You die...
Your body rises from the dead as a mindless zombie.

..... .....#...#
.....##....#....
......#b.......#
......h........#
................
..#..............
.................
##......#.n.......
##....##.#@........
..................#
.....$.##...........#
........##..........#
...................#
#..
#................##
....
##.##............#
...##...............##
.
#..##.#.............#


You could see a necrophage and a hound (wandering).

Vanquished Creatures
  3 dart slugs
  4 ball pythons (D:1)
  2 endoplasms (D:1)
  2 giant cockroaches
  5 hobgoblins
  3 jackals (D:1)
  2 kobolds (D:1)
  5 bats
  4 frilled lizards (D:1)
  2 goblins (D:1)
  2 rats (D:1)
  A spectral goblin (D:1)
  A butterfly (D:4)
36 creatures vanquished.

Notes
Turn   | Place    | Note
-------+----------+-------------------------------------------
     0 | D:1      | oldriver the Djinni Air Elementalist began the quest for
                  | the Orb.
     0 | D:1      | Reached XP level 1. HP: 15/15 MP: 0/0
   182 | D:1      | Reached XP level 2. HP: 19/21 MP: 0/0
   579 | D:1      | Reached skill level 3 in Spellcasting
   579 | D:1      | Reached XP level 3. HP: 23/26 MP: 0/0
   579 | D:1      | Learned a level 1 spell: Animate Skeleton
   800 | D:1      | Reached skill level 1 in Fighting
  1086 | D:1      | Found a faded altar of an unknown god.
  1769 | D:2      | You are sucked into a shaft and drop 2 floors!
  1775 | D:4      | Found a staircase to the Ecumenical Temple.
  1785 | Temple   | Entered the Ecumenical Temple
  1866 | Temple   | Became a worshipper of Yredelemnul the Dark
  1914 | D:4      | Noticed a necrophage
  1934 | D:4      | Slain by a necrophage

Illustrated notes

Levels and vault maps discovered:
D:1:      amcnicky_arrival_feature_with_door, layout_rooms,
          dreamdust_ecumenical_altar_drowned_temple
D:2:      layout_basic, serial_bayou_pond_e, minivault_11, serial_bayou_pond_b
D:4:      layout_cave_pools, worldfamousw_hep_ancestral_shrine,
          minmay_temple_entry_butterflies, gup_sewer_entry_glass
Temple:   mainiacjoe_temple_cubbyholes

Skill      XL: |  1  2  3 |
---------------+----------+-----
Spellcasting   | 3 |  3.3
Fighting       | 1 |  1.1
Dodging        | |  2.2
Stealth        | |  1.6

Action                   || total
-------------------------++-------
 Cast: Shock             ||    70
       Static Discharge  ||     3
  Use: Scroll            ||     4
       Potion            ||     2
Armor: Robe              ||     4
Dodge: Dodged            ||    10

Table legend: (Time is in decaauts)
 A = Elapsed time spent in this place.
 B = Non-inter-level travel time spent in this place.
 C = Inter-level travel time spent in this place.
 D = Time resting spent in this place.
 E = Time spent auto-exploring this place.
 F = Levels seen in this place.
 G = Mean time per level.
                   A        B        C        D        E       F      G
               +--------+--------+--------+--------+--------+-----+--------+
         Total |   1934 |   1872 |     62 |    523 |   1072 |   4 |  483.5 |
       Dungeon |   1811 |   1790 |     21 |    523 |   1072 |   3 |  603.7 |
        Temple |    123 |     82 |     41 |      0 |      0 |   1 |  123.0 |
               +--------+--------+--------+--------+--------+-----+--------+

Top non-repeatable levels by time:
     D:1: 1499 daAuts
     D:2: 270 daAuts
  Temple: 123 daAuts
     D:4: 41 daAuts
